 Dungeon Crawl Stone Soup version 0.20-a0-848-g73d9be0 (webtiles) character file.

266 Alarkh the Slasher (level 6, 47/47 HPs)
             Began as a Demonspawn Fighter on Mar 9, 2017.
             Quit the game on level 3 of the Dungeon.
             The game lasted 00:01:41 (2467 turns).

Alarkh the Slasher (Demonspawn Fighter)             Turns: 2467, Time: 00:01:41

Health: 47/47      AC:  6    Str: 16    XL:     6   Next: 0%
Magic:  6/6        EV:  9    Int: 12    God:
Gold:   187        SH:  9    Dex: 12    Spells: 5/5 levels left

rFire    + . .     SeeInvis .   b - +1 dagger (venom)
rCold    . . .     Gourm    .   i - +0 scale mail
rNeg     . . .     Faith    .   c - +0 shield
rPois    .         Spirit   +   (no helmet)
rElec    .         Reflect  .   (no cloak)
rCorr    .         Harm     .   (no gloves)
MR       .....                  (no boots)
Stlth    ..........             (no amulet)
Regen    0.2/turn               (no ring)
MPRegen  0.1/turn               (no ring)

@: no status effects
A: repulsion field 1, fire resistance 1, magic shield
a: no special abilities


You were on level 3 of the Dungeon.
You were not hungry.

You visited 1 branch of the dungeon, and saw 3 of its levels.

You collected 187 gold pieces.

Inventory:

Hand Weapons
 a - a +0 long sword
 b - a +1 dagger of venom (weapon)
 o - a +0 dagger of electrocution
Armour
 c - a +0 shield (worn)
 i - a +0 scale mail (worn)
Scrolls
 e - 3 scrolls of identify {unknown}
 h - a scroll of amnesia {unknown}
 l - a scroll of magic mapping {unknown}
 m - a scroll of random uselessness {unknown}
Potions
 d - a potion of mutation {unknown}
 g - a potion of curing {unknown}
 n - 2 potions of haste {unknown}
Comestibles
 f - 4 bread rations
 j - a chunk of flesh
 k - 4 fruits
 p - a meat ration
 r - a royal jelly


   Skills:
 + Level 3.6 Fighting
 * Level 3.7 Long Blades
 + Level 3.4 Armour
 + Level 1.9 Dodging
 + Level 3.4 Shields


You had 5 spell levels left.
You didn't know any spells.

Dungeon Overview and Level Annotations

Branches:
Dungeon (3/15)

Altars:


Innate Abilities, Weirdness & Mutations

You are surrounded by a mild repulsion field. (EV +2)
Your flesh is heat resistant. (rF+)
When hurt, damage is shared between your health and your magic reserves.


Message History

You closely miss the kobold. The kobold hits you but does no damage.
You closely miss the kobold. The kobold hits you with a short sword.
You barely miss the kobold. The kobold hits you with a short sword.
Your shield and scale mail prevent you from hitting the kobold.
You block the kobold's attack.
You hit the kobold.
The kobold is poisoned.
The kobold is severely wounded.
You kill the kobold!
You have reached level 6!
Your experience leads to an increase in your attributes!
Increase (S)trength, (I)ntelligence, or (D)exterity?
You feel clever.
Your demonic ancestry asserts itself...
You feel your magical essence form a protective shroud around your flesh.
Some of the chunks of flesh in your inventory have rotted away.
Some of the chunks of flesh in your inventory have rotted away.
Things that are here:
a short sword; a stone
Things that are here:
a whip; a kobold corpse Are you sure you want to abandon this character and quit the game? (Confirm with "yes".)

#.......#
#.......#
#....../#
#.......#
#.......#
#.......#
#......)#
####.##.###
#@(.# ###.# #.#
#.# #.# #.### .#
#...# .#.
###.#########.#.
#.##.....#....


There were no monsters in sight!

Vanquished Creatures
  Sigmund (D:2)
  Jessica (D:3)
  3 adders
  An ooze (D:1)
  4 dart slugs
  A ball python (D:1)
  4 bats
  5 giant cockroaches
  6 goblins
  7 hobgoblins
  2 jackals (D:1)
  7 kobolds
  2 quokkas
  5 frilled lizards
  4 rats
53 creatures vanquished.

Notes
Turn   | Place    | Note
-------+----------+-------------------------------------------
     0 | D:1      | Alarkh the Demonspawn Fighter began the quest for the Orb.
     0 | D:1      | Reached XP level 1. HP: 18/18 MP: 1/1
   120 | D:1      | Gained mutation: You are surrounded by a mild repulsion field. (EV +2) [demonic ancestry]
   120 | D:1      | Reached XP level 2. HP: 23/24 MP: 2/2
   317 | D:1      | Reached XP level 3. HP: 29/29 MP: 3/3
  1570 | D:2      | Gained mutation: Your flesh is heat resistant. (rF+) [demonic ancestry]
  1570 | D:2      | Reached XP level 4. HP: 35/35 MP: 4/4
  1704 | D:2      | Reached skill level 1 in Dodging
  2109 | D:2      | Noticed Sigmund
  2122 | D:2      | Killed Sigmund
  2122 | D:2      | Reached XP level 5. HP: 41/41 MP: 5/5
  2291 | D:3      | Noticed Jessica
  2299 | D:3      | Killed Jessica
  2412 | D:3      | Gained mutation: When hurt, damage is shared between your health and your magic reserves. [demonic ancestry]
  2412 | D:3      | Reached XP level 6. HP: 39/47 MP: 6/6
  2467 | D:3      | Quit the game

Vault maps used:
D:1:      lemuel_arrival_tunnels
D:2:      uniq_sigmund
D:3:      first_bread, uniq_crazy_yiuf_cottage, uniq_jessica

Skill      XL: |  1  2  3  4 |
---------------+-------------+-----
Long Blades    | 2 3 |  3.7
Armour         | 3 |  3.4
Shields        | 3 |  3.4
Dodging        | 1 |  1.9
Fighting       | |  3.6

Action                   |  1- 3 |  4- 6 || total
-------------------------+-------+-------++-------
Melee: Long sword        |    49 |       ||    49
       Dagger            |    55 |    57 ||   112
  Use: Potion            |     1 |     2 ||     3
  Eat: Chunk             |     2 |     3 ||     5
Armor: Scale mail        |    32 |     9 ||    41
       Skin              |       |     2 ||     2
Dodge: Dodged            |    44 |     9 ||    53
Block: Shield            |    51 |    18 ||    69
       Rpst.: Long sword |     6 |       ||     6
